 Seeded DCSS version 0.31-a0-521-gc7390f8997 (webtiles) character file.

Game seed: 11267003436938285035 (custom seed)

328 innerfire43 the Insei (level 6, -3/47 HPs)
             Began as a Gnoll Shapeshifter on Aug 10, 2023.
             Slain by Menkaure (13 damage)
             ... on level 4 of the Dungeon.
             The game lasted 00:02:17 (2606 turns).

innerfire43 the Insei (Gnoll Shapeshifter)          Turns: 2606, Time: 00:02:17

Health: -3/47      AC:  2    Str: 14    XL:     6   Next: 50%
Magic:  9/9        EV: 14    Int:  7    God:
Gold:   113        SH:  0    Dex: 15    Spells: 9/9 levels left

rFire   . .          .
                       - Unarmed
rCold   . . .        (shield currently unavailable)
rNeg    . . .        a - +0 animal skin
rPois   .            (no helmet)
rElec   .            (no cloak)
rCorr   .            (no gloves)
SInv    .            (no boots)
Will    .....        (no amulet)
Stlth   +            (no ring)
HPRegen 0.27/turn    (no ring)
MPRegen 0.11/turn

%: no passive effects
@: flux-form, glowing
A: glow, contaminating, fangs 1, strong nose, distributed training
a: Begin Untransformation


You were on level 4 of the Dungeon.
You were something dangerously unstable.
You visited 1 branch of the dungeon, and saw 4 of its levels.

You collected 113 gold pieces.

Inventory:

Armour
 a - a +0 animal skin (worn)
Talismans
 c - a beast talisman
 d - a flux talisman (active)
Scrolls
 g - a scroll of noise {unknown}
 i - 3 scrolls of identify {unknown}
 k - a scroll of enchant armour {unknown}
 l - a scroll of blinking {unknown}
 n - 2 scrolls of immolation {unknown}
 p - 2 scrolls of amnesia {unknown}
Potions
 b - a potion of lignification
 e - a potion of mutation {unknown}
 f - a potion of invisibility {unknown}
 h - 4 potions of curing {unknown}
 j - a potion of brilliance {unknown}
 m - a potion of magic {unknown}
 o - 2 potions of resistance {unknown}


   Skills:
 + Level 3.3 Fighting
 + Level 2.0 Short Blades
 + Level 2.0 Long Blades
 + Level 2.0 Axes
 + Level 2.0 Maces & Flails
 + Level 2.0 Polearms
 + Level 2.0 Staves
 + Level 2.0 Ranged Weapons
 + Level 2.0 Throwing
 + Level 2.0 Armour
 + Level 5.0 Dodging
 + Level 2.0 Stealth
 + Level 2.0 Shields
 + Level 6.8 Unarmed Combat
 + Level 2.0 Spellcasting
 + Level 1.6 Conjurations
 + Level 1.6 Hexes
 + Level 1.6 Summonings
 + Level 1.6 Necromancy
 + Level 1.6 Translocations
 + Level 1.6 Transmutations
 + Level 1.6 Fire Magic
 + Level 1.6 Ice Magic
 + Level 1.6 Air Magic
 + Level 1.6 Earth Magic
 + Level 1.6 Poison Magic
 + Level 2.2 Invocations
 + Level 2.0 Evocations
 + Level 6.7 Shapeshifting


You had 9 spell levels left.
You didn't know any spells.
Your spell library contained the following spells:

 Spells                   Type           Power      Damage    Failure   Level
 Freeze                   Ice            8%         1d3       21%         1
 Sandblast                Erth           4%         2d4       21%         1
 Blink                    Tloc           4%         N/A       30%         2
 Passwall                 Tmut/Erth      1%         N/A       30%         2
 Scorch                   Fire           4%         2d5       30%         2
 Frozen Ramparts          Ice            4%         1d1       52%         3
 Hailstorm                Conj/Ice       2%         3d3       52%         3
 Portal Projectile        Hex/Tloc       4%         N/A       52%         3
 Stone Arrow              Conj/Erth      4%         3d7       52%         3
 Tukima's Dance           Hex            2%         N/A       52%         3
 Flame Wave               Conj/Fire      2%         2d4       89%         4
 Iskenderun's Mystic Bla  Conj/Tloc      2%         2d3       89%         4
 Manifold Assault         Tloc           2%         N/A       89%         4
 Summon Cactus Giant      Summ           1%         N/A       100%        6


Dungeon Overview and Level Annotations

Branches:
Dungeon (4/15)
 Temple: D:4-7

Altars:

Shops:
D:1 (

Annotations:
D:4 Menkaure


Innate Abilities, Weirdness & Mutations

You are something dangerously unstable.
You glow with magical radiation, making you easy to see and hit.
Foes you strike become dangerously contaminated with magical radiation.
You are incapable of wielding weapons or throwing items.
You have very sharp teeth.
Your uncanny sense of smell can sniff out nearby items.
Your experience applies equally to all skills.


Message History

The quokka bites you.
A quokka is nearby!
You hit the quokka.
You kill the quokka!
You now have 102 gold pieces (gained 11).
There is an escape hatch in the floor here.
You see here a quokka corpse.
You now have 113 gold pieces (gained 11).
Found a serpent talisman.
No target in view!
Menkaure, Prince of Dust comes into view.
Found a stone staircase leading down.
Menkaure is nearby!
Menkaure is nearby!
You barely miss Menkaure. Menkaure hits you!!
You hit Menkaure.
Menkaure begins to glow.
You bite Menkaure, but do no damage.
Menkaure is lightly damaged.
Menkaure closely misses you.
You hit Menkaure but do no damage.
Menkaure glows dangerously bright.
You bite Menkaure, but do no damage.
Menkaure is lightly damaged.
You hit Menkaure.
Menkaure shudders as magic cascades through him.
Menkaure is heavily damaged.
Menkaure hits you!
You barely miss Menkaure.
Menkaure is heavily damaged.
Menkaure hits you but does no damage.
You completely miss Menkaure. You bite Menkaure, but do no damage.
Menkaure is heavily damaged.
Menkaure calls on the powers of darkness!
Your body is wracked with pain!
* * * LOW HITPOINT WARNING * * *
Unknown command.
You hit Menkaure.
Menkaure begins to glow.
Menkaure is severely damaged.
You hit Menkaure.
Menkaure glows dangerously bright.
Menkaure is almost destroyed.
Menkaure hits you!
You die...

.......#....†....##......(
%......#.........##.......
.......#.........##.......
.................####...##
........................#
........######.........##
............##.........#
#..##.......############
##>...#..B..# ....##..M..#
..... #.....# .....
#.....# .... #.....#
####..# ... ....


You could see Menkaure (heavy contam).

Vanquished Creatures
  Sigmund (D:3)
  2 orc wizards (D:3)
  3 gnolls (D:3)
  2 adders
  An ufetubus (D:2)
  A worm (D:2)
  2 orcs (D:3)
  7 ball pythons
  5 bats
  10 endoplasms
  2 giant cockroaches
  6 goblins
  3 hobgoblins
  6 kobolds
  2 quokkas
  4 frilled lizards
  4 rats
61 creatures vanquished.

Notes
Turn   | Place    | Note
-------+----------+-------------------------------------------
     0 | D:1      | innerfire43 the Gnoll Shapeshifter began the quest for the
                  | Orb.
     0 | D:1      | Reached XP level 1. HP: 17/17 MP: 1/1
   164 | D:1      | Reached XP level 2. HP: 21/23 MP: 2/2
   531 | D:1      | Found Jutwoepp's Weapon Shoppe.
   773 | D:1      | Reached XP level 3. HP: 28/28 MP: 3/3
  1132 | D:2      | Reached skill level 1 in Invocations
  1274 | D:2      | Reached skill level 1 in Short Blades
  1274 | D:2      | Reached skill level 1 in Long Blades
  1274 | D:2      | Reached skill level 1 in Axes
  1274 | D:2      | Reached skill level 1 in Maces & Flails
  1274 | D:2      | Reached skill level 1 in Polearms
  1274 | D:2      | Reached skill level 1 in Staves
  1274 | D:2      | Reached skill level 1 in Ranged Weapons
  1274 | D:2      | Reached skill level 1 in Throwing
  1274 | D:2      | Reached skill level 1 in Armour
  1274 | D:2      | Reached skill level 1 in Stealth
  1274 | D:2      | Reached skill level 1 in Shields
  1274 | D:2      | Reached skill level 1 in Spellcasting
  1274 | D:2      | Reached skill level 1 in Evocations
  1737 | D:3      | Reached XP level 4. HP: 32/34 MP: 5/5
  1818 | D:3      | Reached skill level 1 in Conjurations
  1818 | D:3      | Reached skill level 1 in Hexes
  1818 | D:3      | Reached skill level 1 in Summonings
  1818 | D:3      | Reached skill level 1 in Necromancy
  1818 | D:3      | Reached skill level 1 in Translocations
  1818 | D:3      | Reached skill level 1 in Transmutations
  1818 | D:3      | Reached skill level 1 in Fire Magic
  1818 | D:3      | Reached skill level 1 in Ice Magic
  1818 | D:3      | Reached skill level 1 in Air Magic
  1818 | D:3      | Reached skill level 1 in Earth Magic
  1818 | D:3      | Reached skill level 1 in Poison Magic
  1826 | D:3      | Reached XP level 5. HP: 28/40 MP: 5/7
  2149 | D:3      | Noticed Sigmund
  2157 | D:3      | Killed Sigmund
  2158 | D:3      | Reached skill level 5 in Dodging
  2158 | D:3      | Reached XP level 6. HP: 43/47 MP: 7/9
  2595 | D:4      | Noticed Menkaure
  2606 | D:4      | Slain by Menkaure

Illustrated notes

Levels and vault maps discovered:
D:1:      dpeg_arrival_tiny_a, layout_basic, serial_shops, nicolae_shop_crystal,
          minmay_heptomino_l4
D:2:      kennysheep_big_flooded_room, layout_loops_ring
D:3:      layout_rooms, chequers_big_river, kennysheep_pointless_box,
          uniq_sigmund
D:4:      layout_basic, nicolae_overflow_crystal_walls,
          mainiacjoe_overflow_chevrons, minmay_temple_entry_drinking_statues,
          eino_curves_03, uniq_menkaure, uniq_pikel

Skill      XL: |  1  2  3  4  5 |
---------------+----------------+-----
Invocations    | 1 2 |  2.2
Short Blades   | 1 2 |  2.0
Long Blades    | 1 2 |  2.0
Axes           | 1 2 |  2.0
Maces & Flails | 1 2 |  2.0
Polearms       | 1 2 |  2.0
Staves         | 1 2 |  2.0
Ranged Weapons | 1 2 |  2.0
Throwing       | 1 2 |  2.0
Armour         | 1 2 |  2.0
Stealth        | 1 2 |  2.0
Shields        | 1 2 |  2.0
Spellcasting   | 1 2 |  2.0
Evocations     | 1 2 |  2.0
Conjurations   | 1 |  1.6
Hexes          | 1 |  1.6
Summonings     | 1 |  1.6
Necromancy     | 1 |  1.6
Translocations | 1 |  1.6
Transmutations | 1 |  1.6
Fire Magic     | 1 |  1.6
Ice Magic      | 1 |  1.6
Air Magic      | 1 |  1.6
Earth Magic    | 1 |  1.6
Poison Magic   | 1 |  1.6
Fighting       | 3 |  3.3
Dodging        | 5 |  5.0
Unarmed Combat | |  6.8
Shapeshifting  | |  6.7

Action                     |  1- 3 |  4- 6 || total
---------------------------+-------+-------++-------
  Melee: Unarmed           |    98 |    76 ||   174
         Bite              |     6 |     8 ||    14
 Armour: Animal skin       |    17 |     8 ||    25
  Dodge: Dodged            |    70 |    38 ||   108
   Form: Flux              |     1 |       ||     1

Table legend: (Time is in decaauts)
 A = Elapsed time spent in this place.
 B = Non-inter-level travel time spent in this place.
 C = Inter-level travel time spent in this place.
 D = Time resting spent in this place.
 E = Time spent auto-exploring this place.
 F = Levels seen in this place.
 G = Mean time per level.
                   A        B        C        D        E       F      G
               +--------+--------+--------+--------+--------+-----+--------+
         Total |   2605 |   2520 |     85 |      0 |   2140 |   4 |  651.2 |
       Dungeon |   2605 |   2520 |     85 |      0 |   2140 |   4 |  651.2 |
               +--------+--------+--------+--------+--------+-----+--------+

Top non-repeatable levels by time:
     D:1: 887 daAuts
     D:3: 865 daAuts
     D:2: 782 daAuts
     D:4: 70 daAuts
